HSSL
JOHN JAY HS PATRIOTS @ MASCONOMET HS CHIEFTANS
05/11/2029
 
TOP OF THE 1ST
John Jay HS Patriots batting - Pitching for Masconomet HS Chieftans : LHP Manuel Rodríguez
Pitching: LHP Manuel Rodríguez
Batting: RHB Ronald Cleveland 0-0: Called Strike
0-1: Ball
1-1: Foul Ball, location: 2F
1-2: Strikes out swinging
Batting: LHB Dean Kelly 0-0: Ball
1-0: Ball
2-0: Called Strike
2-1: SINGLE (Line Drive, 8RS)
Batting: SHB Luis Peña 0-0: Fly out, F9 (Line Drive, 9)
Batting: RHB Gunnar Wallace 0-0: Ball
1-0: Called Strike
1-1: Ground out 4-3 (Groundball, 34)
Top of the 1st over - 0 runs, 1 hit, 0 errors, 1 left on base; John Jay HS 0 - Masconomet HS 0
BOTTOM OF THE 1ST
Masconomet HS Chieftans batting - Pitching for John Jay HS Patriots : LHP Darryl Salas
Pitching: LHP Darryl Salas
Batting: RHB Kenny Canady 0-0: Called Strike
0-1: Fly out, F8 (Flyball, 89S)
Batting: RHB Tom Petersen 0-0: Fly out, F9 (Flyball, 9LM)
Batting: RHB Alec Bowers 0-0: Called Strike
0-1: Ball
1-1: Ball
2-1: Ball
3-1: SINGLE (Groundball, 34D)
Batting: RHB Brian Knox 0-0: Ball
1-0: Called Strike
1-1: Called Strike
1-2: Foul Ball, location: 2F
1-2: Fly out, F5 (Popup, 5SF)
Bottom of the 1st over - 0 runs, 1 hit, 0 errors, 1 left on base; John Jay HS 0 - Masconomet HS 0
TOP OF THE 2ND
John Jay HS Patriots batting - Pitching for Masconomet HS Chieftans : LHP Manuel Rodríguez
Batting: SHB José Cuevas 0-0: Ground out 4-3 (Groundball, 34)
Batting: RHB Wyatt Wallace 0-0: Called Strike
0-1: Swinging Strike
0-2: Foul Ball, location: 2F
0-2: Foul Ball, location: 2F
0-2: Ball
1-2: Strikes out swinging
Batting: RHB Kevin Hawkins 0-0: Called Strike
0-1: Ball
1-1: Ground out 5-3 (Groundball, 5S)
Top of the 2nd over - 0 runs, 0 hits, 0 errors, 0 left on base; John Jay HS 0 - Masconomet HS 0
BOTTOM OF THE 2ND
Masconomet HS Chieftans batting - Pitching for John Jay HS Patriots : LHP Darryl Salas
Batting: RHB Irwin Harris 0-0: Foul Ball, location: 2F
0-1: Called Strike
0-2: Ball
1-2: Ball
2-2: Ball
3-2: Base on Balls
Batting: RHB Ross Thrower 0-0: Called Strike
0-1: Ball
1-1: DOUBLE (Line Drive, 8RD)
Irwin Harris to third
Batting: SHB Carl Savage 0-0: Called Strike
0-1: Called Strike
0-2: Ball
1-2: Ball
2-2: Ball
3-2: Strikes out swinging
Batting: RHB Otis Moore 0-0: Called Strike
0-1: Ground out 5-3 (Groundball, 5S)
Batting: SHB Vicente Ramírez 0-0: Called Strike
0-1: Foul Ball, location: 2F
0-2: Foul Ball, location: 2F
0-2: SINGLE (Flyball, 34D)
Irwin Harris scores
Ross Thrower to third
Runner from 3rd tries for Home, throw and OUT!
Bottom of the 2nd over - 1 run, 2 hits, 0 errors, 1 left on base; John Jay HS 0 - Masconomet HS 1
TOP OF THE 3RD
John Jay HS Patriots batting - Pitching for Masconomet HS Chieftans : LHP Manuel Rodríguez
Batting: SHB Oliver Miles 0-0: Foul Ball, location: 2F
0-1: Foul Ball, location: 2F
0-2: Foul Ball, location: 2F
0-2: Foul Ball, location: 2F
0-2: Ball
1-2: Foul Ball, location: 2F
1-2: Ball
2-2: Foul Ball, location: 2F
2-2: Ball
3-2: Base on Balls
Batting: RHB Kelly Frey 0-0: Ball
1-0: Ball
2-0: Ground out U3 (Groundball, 3L)
Oliver Miles to second
Batting: RHB Ronald Cleveland 0-0: Ball
1-0: Ball
2-0: Ball
3-0: Base on Balls
Batting: LHB Dean Kelly 0-0: Ball
1-0: Ball
2-0: Called Strike
2-1: Ball
3-1: Foul Ball, location: 2F
3-2: Base on Balls
Oliver Miles to third
Ronald Cleveland to second
Batting: SHB Luis Peña 0-0: Foul Ball, location: 2F
0-1: Foul Ball, location: 2F
0-2: Ball
1-2: Foul Ball, location: 2F
1-2: Foul Ball, location: 2F
1-2: Strikes out swinging
Batting: RHB Gunnar Wallace 0-0: SINGLE (Groundball, 56D)
Oliver Miles scores
Ronald Cleveland to third
Dean Kelly to second
Runner from 3rd tries for Home, throw and OUT!
Top of the 3rd over - 1 run, 1 hit, 0 errors, 2 left on base; John Jay HS 1 - Masconomet HS 1
BOTTOM OF THE 3RD
Masconomet HS Chieftans batting - Pitching for John Jay HS Patriots : LHP Darryl Salas
Batting: RHB Kenny Canady 0-0: Foul Ball, location: 2F
0-1: Ball
1-1: Ball
2-1: Foul Ball, location: 2F
2-2: Fly out, F8 (Flyball, 8RM)
Batting: RHB Tom Petersen 0-0: Foul Ball, location: 2F
0-1: Fly out, F9 (Flyball, 9)
Batting: RHB Alec Bowers 0-0: Called Strike
0-1: SINGLE (Line Drive, 34)
Batting: RHB Brian Knox 0-0: Swinging Strike
0-1: Swinging Strike
0-2: Strikes out swinging
Bottom of the 3rd over - 0 runs, 1 hit, 0 errors, 1 left on base; John Jay HS 1 - Masconomet HS 1
TOP OF THE 4TH
John Jay HS Patriots batting - Pitching for Masconomet HS Chieftans : LHP Manuel Rodríguez
Batting: SHB José Cuevas 0-0: Ball
1-0: Ball
2-0: Ball
3-0: Called Strike
3-1: Called Strike
3-2: SINGLE (Flyball, 7LS)
Batting: RHB Wyatt Wallace 0-0: Called Strike
0-1: Foul Ball, location: 2F
0-2: Foul Ball, location: 2F
0-2: Ball
1-2: Strikes out looking
Batting: RHB Kevin Hawkins 0-0: Foul Ball, location: 2F
0-1: Foul Ball, location: 2F
0-2: Ball
1-2: Fly out, F9 (Flyball, 89S)
Batting: SHB Oliver Miles 0-0: Ball
1-0: Ball
2-0: Swinging Strike
2-1: Called Strike
2-2: Foul Ball, location: 2F
2-2: Strikes out looking
Top of the 4th over - 0 runs, 1 hit, 0 errors, 1 left on base; John Jay HS 1 - Masconomet HS 1
BOTTOM OF THE 4TH
Masconomet HS Chieftans batting - Pitching for John Jay HS Patriots : LHP Darryl Salas
Batting: RHB Irwin Harris 0-0: Called Strike
0-1: Ball
1-1: Swinging Strike
1-2: Fly out, F8 (Flyball, 8RS)
Batting: RHB Ross Thrower 0-0: Called Strike
0-1: Ball
1-1: Swinging Strike
1-2: Strikes out swinging
Batting: SHB Carl Savage 0-0: Ball
1-0: Called Strike
1-1: Swinging Strike
1-2: DOUBLE (Line Drive, 7)
Batting: RHB Otis Moore 0-0: Foul Ball, location: 2F
0-1: Foul Ball, location: 2F
0-2: Foul Ball, location: 2F
0-2: Ball
1-2: Ground out U3 (Groundball, 3L)
Bottom of the 4th over - 0 runs, 1 hit, 0 errors, 1 left on base; John Jay HS 1 - Masconomet HS 1
TOP OF THE 5TH
John Jay HS Patriots batting - Pitching for Masconomet HS Chieftans : LHP Manuel Rodríguez
Batting: RHB Kelly Frey 0-0: Called Strike
0-1: Fly out, F8 (Flyball, 8LS)
Batting: RHB Ronald Cleveland 0-0: Swinging Strike
0-1: Foul Ball, location: 2F
0-2: Ball
1-2: Strikes out swinging
Batting: LHB Dean Kelly 0-0: Ball
1-0: Swinging Strike
1-1: Called Strike
1-2: Ball
2-2: Strikes out swinging
Top of the 5th over - 0 runs, 0 hits, 0 errors, 0 left on base; John Jay HS 1 - Masconomet HS 1
BOTTOM OF THE 5TH
Masconomet HS Chieftans batting - Pitching for John Jay HS Patriots : LHP Darryl Salas
Batting: SHB Vicente Ramírez 0-0: Ball
1-0: Ball
2-0: Foul Ball, location: 2F
2-1: Swinging Strike
2-2: Strikes out swinging
Batting: RHB Kenny Canady 0-0: Called Strike
0-1: Swinging Strike
0-2: Ball
1-2: Foul Ball, location: 2F
1-2: Ball
2-2: Ball
3-2: TRIPLE (Flyball, 78XD)
Batting: RHB Tom Petersen 0-0: Swinging Strike
0-1: Ball
1-1: Called Strike
1-2: Ball
2-2: Fly out, F8 (Flyball, 78D)
Runner from 3rd tags up, SCORES, no throw
Batting: RHB Alec Bowers 0-0: Foul Ball, location: 2F
0-1: Ball
1-1: Called Strike
1-2: Ball
2-2: SINGLE (Line Drive, 56D)
Pitching: RHP Raleigh Aitken
Batting: RHB Brian Knox 0-0: Ball
1-0: Called Strike
1-1: SINGLE (Flyball, 8RS)
Alec Bowers to second
Runner from 2nd tries for 3rd, OUT!
Bottom of the 5th over - 1 run, 3 hits, 0 errors, 1 left on base; John Jay HS 1 - Masconomet HS 2
TOP OF THE 6TH
John Jay HS Patriots batting - Pitching for Masconomet HS Chieftans : LHP Manuel Rodríguez
Pitching: RHP Todd Scott
Batting: SHB Luis Peña 0-0: Ball
1-0: Ball
2-0: Swinging Strike
2-1: Foul Ball, location: 2F
2-2: Foul Ball, location: 2F
2-2: Ball
3-2: Strikes out swinging
Batting: RHB Gunnar Wallace 0-0: Ball
1-0: Ball
2-0: SOLO HOME RUN (Flyball, 7LD), Distance : 355 ft
Batting: SHB José Cuevas 0-0: Swinging Strike
0-1: Called Strike
0-2: Strikes out swinging
Batting: RHB Wyatt Wallace 0-0: Ground out U3 (Groundball, 3)
Top of the 6th over - 1 run, 1 hit, 0 errors, 0 left on base; John Jay HS 2 - Masconomet HS 2
BOTTOM OF THE 6TH
Masconomet HS Chieftans batting - Pitching for John Jay HS Patriots : RHP Raleigh Aitken
Batting: RHB Irwin Harris 0-0: Ball
1-0: Ground out 5-3 (Groundball, 56)
Batting: RHB Ross Thrower 0-0: Called Strike
0-1: Called Strike
0-2: Foul Ball, location: 2F
0-2: Ball
1-2: Foul Ball, location: 2F
1-2: Hit by Pitch
Batting: SHB Carl Savage 0-0: Called Strike
0-1: Swinging Strike
0-2: Ball
1-2: Reaches on Catchers interference
Ross Thrower to second
Batting: RHB Otis Moore 0-0: Ball
1-0: Called Strike
Ross Thrower steals 3rd base
Carl Savage to second
1-1: Ball
2-1: Ball
3-1: Base on Balls
Batting: SHB Vicente Ramírez 0-0: Ball
1-0: Ball
2-0: Foul Ball, location: 2F
2-1: Swinging Strike
2-2: Foul Ball, location: 2F
2-2: Ball
3-2: Strikes out swinging
Batting: RHB Kenny Canady 0-0: Called Strike
0-1: Ball
1-1: Ball
2-1: Called Strike
2-2: SINGLE (Flyball, 78S)
Ross Thrower scores
Carl Savage to third
Otis Moore to second
Runner from 3rd tries for Home, SAFE, throw made home
Pitching: RHP José Ramírez
Batting: RHB Tom Petersen 0-0: Ball
1-0: Called Strike
1-1: Ball
2-1: Ball
3-1: Base on Balls
Otis Moore to third
Kenny Canady to second
Batting: RHB Alec Bowers 0-0: Called Strike
0-1: Foul Ball, location: 2F
0-2: Strikes out looking
Bottom of the 6th over - 2 runs, 1 hit, 1 error, 3 left on base; John Jay HS 2 - Masconomet HS 4
TOP OF THE 7TH
John Jay HS Patriots batting - Pitching for Masconomet HS Chieftans : RHP Todd Scott
Batting: RHB Kevin Hawkins 0-0: Ball
1-0: Ball
2-0: Foul Ball, location: 2F
2-1: Fly out, F8 (Flyball, 8RM)
Batting: SHB Oliver Miles 0-0: Ball
1-0: Foul Ball, location: 2F
1-1: Ball
2-1: Foul Ball, location: 2F
2-2: Foul Ball, location: 2F
2-2: Strikes out swinging
Batting: RHB Kelly Frey 0-0: Called Strike
0-1: Fly out, F6 (Line Drive, 6)
Top of the 7th over - 0 runs, 0 hits, 0 errors, 0 left on base; John Jay HS 2 - Masconomet HS 4
BOTTOM OF THE 7TH
Masconomet HS Chieftans batting - Pitching for John Jay HS Patriots : RHP José Ramírez
Batting: RHB Brian Knox 0-0: Foul Ball, location: 2F
0-1: Called Strike
0-2: Ball
1-2: Ground out 6-3 (Groundball, 6)
Batting: RHB Irwin Harris 0-0: Ball
1-0: Foul Ball, location: 2F
1-1: Ball
2-1: Foul Ball, location: 2F
2-2: Ground out 4-3 (Groundball, 4)
Batting: RHB Ross Thrower 0-0: Called Strike
0-1: SINGLE (Line Drive, 8RS)
Batting: SHB Carl Savage 0-0: Foul Ball, location: 2F
0-1: Swinging Strike
0-2: Ground out 1-3 (Groundball, P)
Bottom of the 7th over - 0 runs, 1 hit, 0 errors, 1 left on base; John Jay HS 2 - Masconomet HS 4
TOP OF THE 8TH
John Jay HS Patriots batting - Pitching for Masconomet HS Chieftans : RHP Todd Scott
Batting: RHB Ronald Cleveland 0-0: Swinging Strike
0-1: Ball
1-1: Called Strike
1-2: Ground out 6-3 (Groundball, 6M)
Pitching: LHP Chris Bryant
Batting: LHB Dean Kelly 0-0: Foul Ball, location: 2F
0-1: Ball
1-1: Ball
2-1: Foul Ball, location: 2F
2-2: Foul Ball, location: 2F
2-2: Foul Ball, location: 2F
2-2: Foul Ball, location: 2F
2-2: Ball
3-2: Foul Ball, location: 2F
3-2: Foul Ball, location: 2F
3-2: Base on Balls
Batting: SHB Luis Peña 0-0: Ball
1-0: Called Strike
1-1: SINGLE (Line Drive, 7LS)
Dean Kelly to second
Batting: RHB Gunnar Wallace 0-0: Called Strike
0-1: Fielders Choice at 2nd, 1-4 (Groundball, 15)
Dean Kelly to third
Batting: SHB José Cuevas 0-0: Called Strike
0-1: Ball
1-1: Ball
2-1: Fly out, F9 (Flyball, 9D)
Top of the 8th over - 0 runs, 1 hit, 0 errors, 2 left on base; John Jay HS 2 - Masconomet HS 4
BOTTOM OF THE 8TH
Masconomet HS Chieftans batting - Pitching for John Jay HS Patriots : RHP José Ramírez
Batting: RHB Otis Moore 0-0: Called Strike
0-1: Fly out, F9 (Flyball, 89D)
Batting: SHB Vicente Ramírez 0-0: Foul Ball, location: 2F
0-1: Foul Ball, location: 2F
0-2: Ball
1-2: Strikes out looking
Batting: RHB Kenny Canady 0-0: Fly out, F7 (Line Drive, 78M)
Bottom of the 8th over - 0 runs, 0 hits, 0 errors, 0 left on base; John Jay HS 2 - Masconomet HS 4
TOP OF THE 9TH
John Jay HS Patriots batting - Pitching for Masconomet HS Chieftans : LHP Chris Bryant
Batting: RHB Wyatt Wallace 0-0: Ball
1-0: Foul Ball, location: 2F
1-1: Foul Ball, location: 2F
1-2: Strikes out swinging, 2-3 out at first.
Batting: RHB Kevin Hawkins 0-0: Ball
1-0: Swinging Strike
1-1: Ball
2-1: Swinging Strike
2-2: Foul Ball, location: 2F
2-2: Strikes out swinging
Batting: SHB Oliver Miles 0-0: Ball
1-0: Ball
2-0: Foul Ball, location: 2F
2-1: Foul Ball, location: 2F
2-2: SINGLE (Groundball, 15S) (infield hit)
Pinch Hitting: LHB Jeff Egbert 0-0: Ball
1-0: Ball
2-0: Ball
3-0: Called Strike
3-1: Base on Balls
Oliver Miles to second
Batting: RHB Ronald Cleveland 0-0: Called Strike
0-1: SINGLE (Line Drive, 89S)
Oliver Miles to third
Jeff Egbert to second
Batting: LHB Dean Kelly 0-0: SINGLE (Line Drive, 7LS)
Oliver Miles scores
Jeff Egbert to third
Ronald Cleveland to second
Runner from 3rd tries for Home, SAFE, no throw
Pitching: RHP Mark Jones
Batting: SHB Luis Peña 0-0: SINGLE (Flyball, 9LS)
Ronald Cleveland to third
Dean Kelly to second
Runner from 3rd tries for Home, SAFE, throw made home
Batting: RHB Gunnar Wallace 0-0: Ball
1-0: Called Strike
1-1: Swinging Strike
1-2: Foul Ball, location: 2F
1-2: Ball
2-2: Strikes out swinging
Top of the 9th over - 3 runs, 4 hits, 0 errors, 2 left on base; John Jay HS 5 - Masconomet HS 4
BOTTOM OF THE 9TH
Masconomet HS Chieftans batting - Pitching for John Jay HS Patriots : RHP José Ramírez
Pitching: RHP Javier Trujillo
Now at 2B: António Villa
Batting: RHB Tom Petersen 0-0: Ball
1-0: Called Strike
1-1: Swinging Strike
1-2: Foul Ball, location: 2F
1-2: Foul Ball, location: 2F
1-2: Ball
2-2: SINGLE (Flyball, 89M)
Batting: RHB Alec Bowers 0-0: Called Strike
0-1: Swinging Strike
0-2: Ball
1-2: Fielders Choice at 2nd, 6-4 (Groundball, 6)
Batting: RHB Brian Knox 0-0: Ball
1-0: Ball
2-0: SINGLE (Groundball, 56D)
Alec Bowers to second
Batting: RHB Irwin Harris 0-0: Called Strike
0-1: Ball
1-1: Called Strike
1-2: Ball
2-2: Ball
3-2: Foul Ball, location: 2F
3-2: Foul Ball, location: 2F
3-2: Strikes out swinging
Batting: RHB Ross Thrower 0-0: SINGLE (Line Drive, 6D)
Alec Bowers to third
Brian Knox to second
Runner from 3rd tries for Home, SAFE, throw made home
Batting: SHB Carl Savage 0-0: Called Strike
0-1: Ground out 3-1 (Groundball, 34)
Bottom of the 9th over - 1 run, 3 hits, 0 errors, 2 left on base; John Jay HS 5 - Masconomet HS 5
TOP OF THE 10TH
John Jay HS Patriots batting - Pitching for Masconomet HS Chieftans : RHP Mark Jones
Batting: SHB José Cuevas 0-0: Ground out 4-3 (Groundball, 4M)
Batting: RHB Wyatt Wallace 0-0: Called Strike
0-1: Ball
1-1: Ball
2-1: Foul Ball, location: 2F
2-2: Foul Ball, location: 2F
2-2: Ball
3-2: Foul Ball, location: 2F
3-2: Base on Balls
Batting: RHB Kevin Hawkins 0-0: Ball
1-0: 2-RUN HOME RUN (Flyball, 7LD), Distance : 367 ft
Batting: SHB Oliver Miles 0-0: Ball
1-0: SOLO HOME RUN (Flyball, 9D), Distance : 385 ft
Pitching: RHP Mariano Cruz
Batting: SHB António Villa 0-0: Called Strike
0-1: Ball
1-1: Ball
2-1: Fly out, F7 (Flyball, 78D)
Batting: RHB Ronald Cleveland 0-0: Ball
1-0: Foul Ball, location: 2F
1-1: Foul Ball, location: 2F
1-2: Strikes out looking
Top of the 10th over - 3 runs, 2 hits, 0 errors, 0 left on base; John Jay HS 8 - Masconomet HS 5
BOTTOM OF THE 10TH
Masconomet HS Chieftans batting - Pitching for John Jay HS Patriots : RHP Javier Trujillo
Batting: RHB Otis Moore 0-0: Swinging Strike
0-1: Foul Ball, location: 2F
0-2: Ball
1-2: Strikes out swinging
Batting: SHB Vicente Ramírez 0-0: Foul Ball, location: 2F
0-1: Called Strike
0-2: Strikes out swinging
Batting: RHB Kenny Canady 0-0: Called Strike
0-1: Ball
1-1: Foul Ball, location: 2F
1-2: Ball
2-2: Fly out, F6 (Popup, 6D)
Bottom of the 10th over - 0 runs, 0 hits, 0 errors, 0 left on base; John Jay HS 8 - Masconomet HS 5
Saturday, December 16th, 2017 - OOTP Baseball 18.8 Build 76